 Dungeon Crawl Stone Soup version 0.26-a0-651-gb41185065b (webtiles) character file.

Game seed: 15129046844753822599

76016 Irenicus the Bludgeoner (level 15, -6/149 HPs)
             Began as a Troll Monk on Oct 6, 2020.
             Was an Initiate of Gozag.
             Killed from afar by Nikola (38 damage)
             ... with a chain lightning
             ... on level 1 of the Elven Halls.
             The game lasted 01:31:09 (12079 turns).

Irenicus the Bludgeoner (Troll Monk)               Turns: 12079, Time: 01:31:10

Health: -6/149     AC: 12    Str: 29    XL:     15   Next: 11%
Magic:  15/17      EV: 19    Int:  3    God:    Gozag
Gold:   5737       SH:  5    Dex: 24    Spells: 16/18 levels left

rFire    . . .     SeeInvis +   T - +6 giant club
rCold    + . .     Faith    .   (shield currently unavailable)
rNeg     . . .     Spirit   .   Y - +2 robe "Pedeluq" {-Tele MR+++ SInv Stlth-}
rPois    +         Reflect  +   (helmet currently unavailable)
rElec    .         Harm     .   D - +2 cloak
rCorr    +         Rampage  .   (gloves unavailable)
MR       ++++.     NoTele   +   (boots unavailable)
Stlth    +.........             V - amulet of Fiuracev {Reflect rPois SH+5}
HPRegen  0.74/turn              n - ring of the Octopus King {rCorr AC+1 EV+1 Str+1 Int+1 Dex+1}
MPRegen  0.15/turn              K - ring of Circularity {rC+ Str+5 Int-4 Dex+6}

@: lethally poisoned (-6 -> -7), appendages (expiring), gold aura, very slightly
contaminated, heavily drained
A: large, unfitting armour, claws 3, horns 2, talons 2, regeneration 1, shaggy
fur 1, tough skin 3
a: End Transformation, Potion Petition, Call Merchant, Bribe Branch, Renounce
Religion


You were on level 1 of the Elven Halls.
You worshipped Gozag.
Gozag was greatly pleased with you.
You had grown temporary horns.
You had grown temporary talons.
You visited 6 branches of the dungeon, and saw 22 of its levels.
You also visited: Bailey and Gauntlet.

You collected 7575 gold pieces.
You spent 330 gold pieces at shops.
You paid 1508 gold pieces to Gozag.

Inventory:

Hand Weapons
 q - a +6 whip of electrocution
   (You found it on level 2 of the Dungeon)
 F - a +1 dire flail of holy wrath
   (You took it off a two-headed ogre on level 10 of the Dungeon)
 T - a +6 giant club (weapon)
   (You found it in a Gauntlet)
Missiles
 R - 6 large rocks (quivered) {!d}
Armour
 h - a scarf of resistance
   (You found it on level 1 of the Dungeon)
 y - a +0 kite shield
   (You found it on level 7 of the Dungeon)
 A - +1 shadow dragon scales
   (You found it on level 6 of the Lair of Beasts)
 D - a +2 cloak (worn)
   (You found it on level 10 of the Dungeon)
 E - a +1 robe of positive energy
   (You took it off an orc sorcerer on level 2 of the Orcish Mines)
 O - a +1 robe of fire resistance
   (You took it off a meliai on level 4 of the Lair of Beasts)
 Y - the +2 robe "Pedeluq" (worn) {-Tele MR+++ SInv Stlth-}
   (You found it in a Gauntlet)

   It affects your resistance to hostile enchantments.
   It lets you see invisible.
   It prevents most forms of teleportation.
   It makes you less stealthy.
 Z - a +2 hat (melded)
   (You found it in a Gauntlet)
Jewellery
 e - a +6 ring of intelligence
   (You found it in a Gauntlet)
 m - an uncursed amulet of magic regeneration
   (You found it on level 3 of the Dungeon)
 n - a ring of the Octopus King (left claw) {rCorr AC+1 EV+1 Str+1 Int+1 Dex+1}
   (You found it on level 6 of the Dungeon)

   [ring of resist corrosion]

   It affects your AC (+1).
   It affects your evasion (+1).
   It affects your strength (+1).
   It affects your intelligence (+1).
   It affects your dexterity (+1).
   It provides partial protection from all sources of acid and corrosion.
 w - an uncursed ring of flight {+Fly, !d}
   (You found it on level 8 of the Dungeon)
 x - an uncursed ring of attention
   (You found it on level 8 of the Dungeon)
 B - an uncursed ring of see invisible {sInv, !d}
   (You found it on level 9 of the Dungeon)
 C - a +4 ring of evasion
   (You found it on level 9 of the Dungeon)
 G - an uncursed ring of fire {rF+, rC-}
   (You found it on level 10 of the Dungeon)
 H - an uncursed ring of teleportation {+/*tele, !d}
   (You found it on level 11 of the Dungeon)
 K - the ring of Circularity (right claw) {rC+ Str+5 Int-4 Dex+6}
   (You found it on level 2 of the Lair of Beasts)

   [ring of dexterity]

   It affects your strength (+5).
   It affects your intelligence (-4).
   It affects your dexterity (+6).
   It protects you from cold.
 V - the amulet of Fiuracev (around neck) {Reflect rPois SH+5}
   (You found it in a Gauntlet)

   [amulet of reflection]

   It shields you and reflects attacks.
   It protects you from poison.
   It affects your SH (+5).
Wands
 t - a wand of acid (25)
   (You found it on level 8 of the Dungeon)
 M - a wand of flame (41)
   (You found it on level 4 of the Lair of Beasts)
Scrolls
 d - 4 scrolls of magic mapping {!r}
 f - 4 scrolls of remove curse
 g - 3 scrolls of immolation {!r}
 j - 10 scrolls of identify
 k - 4 scrolls of enchant armour
 l - 3 scrolls of teleportation
 o - a scroll of summoning
 s - a scroll of blinking {!r}
 J - a scroll of fog
Potions
 a - 3 potions of berserk rage {!q}
 b - a potion of magic
 c - a potion of flight
 i - 2 potions of cancellation
 p - 4 potions of mutation {!q}
 r - 5 potions of curing
 v - 3 potions of heal wounds
 L - 6 potions of ambrosia
 N - a potion of stabbing
 P - a potion of lignification {!q}
 S - a potion of haste
Miscellaneous
 z - a phantom mirror
   (You found it in a bailey)


   Skills:
 - Level 10.0(8.7) Fighting
 + Level 17.0(15.3) Maces & Flails
 - Level 6.0(4.7) Armour
 + Level 10.1(8.7) Dodging
 - Level 1.0(0.0) Stealth
 - Level 2.0(0.9) Spellcasting
 - Level 3.0(1.9) Translocations
 - Level 4.0(2.8) Transmutations


You had 16 spell levels left.
You knew the following spells:

 Your Spells              Type           Power        Failure   Level
a - Beastly Appendage     Tmut           #.....       17%         1
g - Apportation           Tloc           #.....       26%         1

Your spell library contained the following spells:

 Spells                   Type           Power        Failure   Level
 Wereblood                Tmut           #.......     26%         2
 Animate Skeleton         Necr           #.....       50%         1
 Corona                   Hex            #......      50%         1
 Freeze                   Ice            #...         50%         1
 Magic Dart               Conj           #...         50%         1
 Summon Small Mammal      Summ           #...         50%         1
 Searing Ray              Conj           #.....       65%         2
 Spider Form              Tmut/Pois      #.........   67%         3
 Dazzling Flash           Conj/Hex       #.....       86%         3
 Frozen Ramparts          Ice            #.....       86%         3
 Inner Flame              Hex/Fire       #.......     86%         3
 Ozocubu's Armour         Ice            #.......     86%         3
 Summon Guardian Golem    Hex/Summ       #.......     86%         3
 Ice Form                 Ice/Tmut       #.......     97%         4
 Iskenderun's Mystic Bla  Conj/Tloc      #.......     98%         4
 Fulminant Prism          Conj/Hex       #.........   99%         4
 Hailstorm                Conj/Ice       #.......     99%         4
 Summon Ice Beast         Ice/Summ       #.......     99%         4
 Blade Hands              Tmut           #.........   99%         5
 Bolt of Magma            Conj/Fire/Erth #.........   100%        5
 Iskenderun's Battlesphe  Conj           #.......     100%        5
 Silence                  Hex/Air        #.........   100%        5
 Hydra Form               Tmut           #.........   100%        6
 Iron Shot                Conj/Erth      #.........   100%        6
 Orb of Destruction       Conj           #.........   100%        7
 Spellforged Servitor     Conj/Summ      #.........   100%        7
 Discord                  Hex            #.........   100%        8


Dungeon Overview and Level Annotations

Branches:
Dungeon (11/15)            Temple (1/1) D:7            Lair (6/6) D:11
 Shoals (0/4) Lair:4        Snake (0/4) Lair:2        Slime (1/5) Lair:5
    Orc (2/2) D:9             Elf (1/3) Orc:2        Bailey (visited)
Gauntlet (visited)

Altars:
Ashenzari
Cheibriados
Dithmenos
Elyvilon
Fedhas
Gozag
Hepliaklqana
Kikubaaqudgha
Makhleb
Nemelex Xobeh
Okawaru
Qazlal
Ru
Sif Muna
Trog
Uskayaw
Vehumet
Wu Jian
Xom
Yredelemnul
Zin

Shops:
D:4 ?   D:10 [   Orc:1 =   Orc:2 *:*[?

Annotations:
Elf:1 Nikola


Innate Abilities, Weirdness & Mutations

You are too large for most types of armour.
You have claws for hands.
Your natural rate of healing is unusually fast.
You are covered in fur. (AC +1)
You have extremely tough skin. (AC +3)
You have a pair of horns on your head.
You have razor-sharp toenails.


Message History

The deep elf mage points at you and mumbles some strange words.
The lance of force misses you.
You pound the deep elf mage like an anvil!!!
You kill the deep elf mage!
Your base Armour skill increases to level 6!
You now have 5737 gold pieces (gained 8).
You see here a +0 short sword.
There is an open door here.
MP restored: 17 Your horns disappear.
Your talons disappear.
Your +2 hat unmelds from your body.
There is an open door here.
There is an open door here.
You see here a +0 short sword.
There is an open door here.
You open the door.
There is an open door here.
You open the door.
Found a stone staircase leading down.
There is an open door here.
A +4 mace of venom comes into view.
Found a scroll of amnesia and 12 gold pieces.
Found an escape hatch in the floor.
An earth elemental comes into view.
There is an escape hatch in the floor here.
As you open the large door, it creaks loudly!
Nikola the Mad Inventor comes into view.
He is wielding a +4 rapier of electrocution and wearing a +1 cloak of magic resistance.
Nikola shouts!
Nikola gestures wildly while chanting.
Nikola blinks!
A spriggan comes into view.
The spriggan shouts!
The +4 mace of venom hits you but does no damage.
There is an escape hatch in the floor here.
The +4 mace of venom hits you.
There is an open door here.
You take 1 damage, and have 121/149 hp.
Casting: Beastly Appendage (safe; 21% risk of failure)
Confirm with . or Enter, or press ? or * to list all spells.
You miscast Beastly Appendage.
You are very lightly contaminated with residual magic.
Nothing appears to happen.
The +4 mace of venom hits you!
You take 10 damage, and have 111/149 hp.
You now have 16/17 mp.
You sock the +4 mace of venom!
The +4 mace of venom is heavily damaged.
The +4 mace of venom hits you but does no damage.
The +4 mace of venom completely misses you.
Casting: Beastly Appendage (safe; 21% risk of failure)
Confirm with . or Enter, or press ? or * to list all spells.
You miscast Beastly Appendage.
Nothing appears to happen.
The +4 mace of venom hits you but does no damage.
You are poisoned.
You now have 15/17 mp.
You miss the +4 mace of venom.
The +4 mace of venom is heavily damaged.
You feel sick. The +4 mace of venom hits you.
You take 5 damage, and have 109/149 hp.
You flatten the +4 mace of venom like a pancake!!!
Your base Maces & Flails skill increases to level 17!
You feel sick.
Casting: Beastly Appendage (safe; 19% risk of failure)
Confirm with . or Enter, or press ? or * to list all spells.
You grow a pair of large bovine horns.
Your feet morph into talons.
Your +2 hat melds into your body.
The spriggan closely misses you.
You bludgeon the spriggan!! Your kick misses the spriggan.
You headbutt the spriggan.
You kill the spriggan!
The spriggan's shape twists and changes as it dies.
You feel sick.
You take 1 damage, and have 109/149 hp.
You thump Nikola! You claw Nikola, but do no damage.
Nikola is lightly wounded.
Nikola mumbles some strange words.
You hear a mighty clap of thunder!
The lightning arc hits you!!
The lightning arc hits Nikola!
The lightning arc hits you!
The lightning arc hits Nikola.
The lightning arc hits you!
The lightning arc hits Nikola.
You hear a shout!
You take 48 damage, and have 61/149 hp.
MASSIVE DAMAGE!!
You closely miss Nikola. You claw Nikola!
Nikola is moderately wounded.
You feel sick. Nikola barely misses you.
You crush Nikola like a grape!!! Your kick misses Nikola.
You headbutt Nikola, but do no damage.
Nikola is heavily wounded.
Nikola gestures wildly while chanting.
You hear a mighty clap of thunder!
The lightning arc hits you!!
* * * LOW HITPOINT WARNING * * *
The lightning arc grounds out.
You take 30 damage, and have 31/149 hp.
MASSIVE DAMAGE!!
You bludgeon Nikola!! Your kick misses Nikola.
You headbutt Nikola, but do no damage.
Nikola is severely wounded.
Nikola casts a spell.
You hear a mighty clap of thunder!
The lightning arc hits you!!!
You die...
Your body crumbles into a pile of gold.

#......)####.......#
#...P..>)..'.......#
#.......####.......#
##.....# #.......#
##...# ###...###
###+ ##'#### ##.##
##.## ###+####@##
##.....#@##
+......E##
........>##
..........#
.>........i'....@
?.........##.....
..........# #.##
..........# #


You could see Nikola and an earth elemental.

Vanquished Creatures
  A minotaur (Gauntlet)
  A dire elephant (Lair:6)
  2 ogre magi (Orc:2)
  6 hydras
  Harold (D:8)
  3 catoblepae
  3 death yaks (Lair:6)
  9 two-headed ogres
  An orc high priest (Orc:1)
  Urug (Lair:5)
  A deep elf knight (Elf:1)
  2 large abominations (Gauntlet)
  An unseen horror (D:10)
  2 deep trolls (Orc:2)
  An oklob plant (Lair:6)
  5 deep elf magi (Elf:1)
  2 cyclopes (Orc:2)
  2 orc sorcerers (Orc:2)
  3 ugly things (D:11)
  An orc knight (Orc:1)
  2 manticores (Lair:6)
  A rust devil (Gauntlet)
  11 elephants
  3 merfolk sirens (Lair:4)
  8 black mambas
  6 cane toads
  7 komodo dragons
  4 rime drakes
  2 kobold demonologists (D:11)
  A merfolk (Lair:4)
  A queen bee (Lair:4)
  3 meliai (Lair:4)
  14 trolls
  Grinder (D:3)
  2 polar bears (Lair:3)
  3 hornets
  16 blink frogs
  12 hippogriffs
  2 slime creatures (Lair:5)
  3 dream sheep (Lair:6)
  A spriggan (shapeshifter) (Elf:1)
  A ynoxinul (Gauntlet)
  A shadow (D:9)
  39 yaks
  A wyvern (D:10)
  2 basilisks
  A fire elemental (Elf:1)
  3 swamp worms (Gauntlet)
  4 wargs
  3 nagas (Lair:2)
  A soldier ant (D:10)
  8 water moccasins
  8 porcupines
  15 orc warriors
  An ice beast (D:7)
  3 phantoms
  2 black bears
  23 ogres
  32 wolves
  2 necrophages
  6 centaurs
  8 crocodiles
  3 big kobolds
  6 small abominations (Gauntlet)
  11 bullfrogs
  A gnoll sergeant (Orc:1)
  A scorpion (D:10)
  25 killer bees
  2 troll zombies (D:9)
  3 wights (D:9)
  3 bullfrog zombies
  8 hounds
  2 jellies (Lair:5)
  2 bullfrog skeletons
  13 orc priests
  4 iron imps (Gauntlet)
  6 iguanas
  16 orc wizards
  11 worker ants
  8 hell rats (Lair:6)
  6 ogre zombies (D:9)
  A hound zombie (D:7)
  13 gnolls
  9 adders
  2 shadow imps
  A white imp (D:7)
  3 ufetubi
  An adder skeleton (D:9)
  5 worms
  3 dart slugs
  4 leopard geckos
  55 orcs
  A giant cockroach (D:6)
  7 goblins
  6 hobgoblins
  5 jackals
  17 kobolds
  3 quokkas
  2 ball pythons (D:1)
  8 bats
  3 frilled lizards (D:1)
  A goblin skeleton (D:9)
  4 goblin zombies (D:9)
  2 hobgoblin skeletons (D:9)
  4 hobgoblin zombies (D:9)
  A jackal skeleton (D:9)
  A leopard gecko skeleton (D:6)
  3 orc skeletons (D:9)
  11 orc zombies (D:9)
  6 rats
  A toadstool (D:6)
629 creatures vanquished.

Vanquished Creatures (collateral kills)
  A hydra (Lair:1)
1 creature vanquished.

Vanquished Creatures (others)
  2 dancing weapons (Elf:1)
  A hobgoblin (D:3)
  36 fungi
  47 plants
  5 toadstools (D:6)
91 creatures vanquished.

Grand Total: 721 creatures vanquished

Notes
Turn   | Place    | Note
-------+----------+-------------------------------------------
     0 | D:1      | Irenicus the Troll Monk began the quest for the Orb.
     0 | D:1      | Reached XP level 1. HP: 22/22 MP: 0/0
    64 | D:1      | Reached skill level 3 in Maces & Flails
   224 | D:1      | Reached XP level 2. HP: 24/29 MP: 1/1
   597 | D:2      | Reached XP level 3. HP: 36/36 MP: 2/2
   618 | D:2      | Reached skill level 4 in Maces & Flails
   917 | D:3      | Noticed Grinder
   931 | D:3      | Reached XP level 4. HP: 40/44 MP: 3/3
  1393 | D:3      | Killed Grinder
  1393 | D:3      | Reached skill level 6 in Maces & Flails
  1393 | D:3      | Reached XP level 5. HP: 37/50 MP: 4/4
  1393 | D:3      | Reached XP level 6. HP: 44/59 MP: 5/5
  1400 | D:3      | Noticed an orc warrior
  1507 | D:4      | Found Orphyolu's Magic Scroll Boutique.
  1533 | D:4      | Reached skill level 7 in Maces & Flails
  1540 | D:4      | Reached XP level 7. HP: 51/66 MP: 6/6
  1821 | D:3      | Found a radiant altar of Vehumet.
  1913 | D:5      | Entered Level 5 of the Dungeon
  1921 | D:5      | Reached skill level 8 in Maces & Flails
  2358 | D:6      | Found the ring of the Octopus King
  2361 | D:6      | Got a ring of the Octopus King
  2364 | D:6      | Identified a ring of the Octopus King {rCorr AC+1 EV+1
                  | Str+1 Int+1 Dex+1} (You found it on level 6 of the Dungeon)
  2499 | D:6      | Reached skill level 9 in Maces & Flails
  2499 | D:6      | Reached XP level 8. HP: 68/74 MP: 7/7
  2823 | D:7      | Found a staircase to the Ecumenical Temple.
  2828 | Temple   | Entered the Ecumenical Temple
  2875 | Temple   | Became a worshipper of Gozag Ym Sagoz the Greedy
  3076 | D:7      | Reached skill level 10 in Maces & Flails
  3272 | D:7      | Reached skill level 11 in Maces & Flails
  3293 | D:7      | Reached XP level 9. HP: 48/80 MP: 8/8
  3344 | D:7      | Learned a level 1 spell: Apportation
  3711 | D:8      | Noticed Harold
  3729 | D:8      | Killed Harold
  3729 | D:8      | Reached skill level 12 in Maces & Flails
  3809 | D:8      | Reached skill level 1 in Translocations
  3823 | D:8      | Reached skill level 3 in Fighting
  4075 | D:9      | Noticed a troll
  4083 | D:9      | Killed a troll
  4083 | D:9      | Reached skill level 2 in Translocations
  4194 | D:9      | Reached skill level 4 in Fighting
  4194 | D:9      | Reached XP level 10. HP: 63/92 MP: 7/9
  4287 | D:9      | Reached skill level 3 in Translocations
  4315 | D:9      | Learned a level 1 spell: Beastly Appendage
  4384 | D:9      | Found a staircase to the Orcish Mines.
  4414 | D:9      | Reached skill level 1 in Transmutations
  4422 | D:9      | HP: 19/94 [troll zombie (12)]
  4707 | D:9      | Reached skill level 5 in Fighting
  4707 | D:9      | Reached skill level 2 in Transmutations
  4776 | D:9      | Found a broken altar of Ashenzari.
  4825 | D:10     | Entered Level 10 of the Dungeon
  4946 | D:10     | Found Hisemor's Specialty Armours.
  4966 | D:10     | Reached skill level 3 in Transmutations
  5115 | D:10     | Reached skill level 4 in Transmutations
  5135 | D:10     | Noticed an unseen horror
  5144 | D:10     | Killed an unseen horror
  5144 | D:10     | Reached skill level 1 in Spellcasting
  5154 | D:10     | Reached skill level 2 in Spellcasting
  5225 | D:10     | Reached skill level 3 in Dodging
  5374 | D:10     | Noticed a two-headed ogre
  5385 | D:10     | Killed a two-headed ogre
  5385 | D:10     | Reached skill level 4 in Dodging
  5385 | D:10     | Reached XP level 11. HP: 91/102 MP: 11/13
  5485 | D:10     | Irenicus: ?? distracted
  5485 | D:10     | beem: I don't have a page labeled distracted in my learndb.
  5535 | D:11     | Noticed a red ugly thing
  5550 | D:11     | Killed a red ugly thing
  5550 | D:11     | Reached skill level 5 in Dodging
  5649 | D:11     | Noticed a red ugly thing
  5659 | D:11     | Killed a red ugly thing
  5707 | D:11     | Noticed a sun demon
  5725 | D:11     | Reached skill level 6 in Dodging
  5889 | D:11     | Noticed a green ugly thing
  5890 | D:11     | Found a flagged portal.
  5899 | D:11     | Killed a green ugly thing
  5901 | D:11     | Found the cursed +14 obsidian axe {vorpal, +Fly SInv
                  | *Curse}
  5909 | D:11     | Reached skill level 7 in Dodging
  5937 | Bailey   | Entered a bailey
  6014 | Bailey   | Found a burning altar of Makhleb.
  6127 | D:11     | Found a staircase to the Lair.
  6176 | Lair:1   | Entered Level 1 of the Lair of Beasts
  6176 | Lair:1   | Noticed a six-headed hydra
  6183 | Lair:1   | Killed a six-headed hydra
  6363 | Lair:2   | Reached skill level 8 in Dodging
  6468 | Lair:2   | Reached skill level 9 in Dodging
  6663 | Lair:1   | You fall into a shaft and drop 1 floor!
  6904 | Lair:2   | Found a staircase to the Snake Pit.
  6961 | Lair:2   | Got a pitted glass ring
  6963 | Lair:2   | Identified the ring of Circularity {rC+ Str+5 Int-4 Dex+6}
                  | (You found it on level 2 of the Lair of Beasts)
  7007 | Lair:2   | Reached XP level 12. HP: 98/111 MP: 7/14
  7019 | Lair:2   | Reached skill level 10 in Dodging
  7519 | Lair:4   | Reached skill level 13 in Maces & Flails
  7671 | Lair:4   | Noticed an eight-headed hydra
  7678 | Lair:4   | Killed an eight-headed hydra
  7728 | Lair:4   | Irenicus: ?? miror
  7728 | Lair:4   | beem: I don't have a page labeled miror in my learndb.
  7728 | Lair:4   | Irenicus: ?? mirror
  7728 | Lair:4   | beem: I don't have a page labeled mirror in my learndb.
  7728 | Lair:4   | Irenicus: ?? phantom mirror
  7728 | Lair:4   | beem: phantom mirror[1/5]: An evocable - creates a friendly
                  | illusory duplicate of a target monster; consumed on use.
                  | Duration increases with Evocations and decreases with
                  | target's MR (minimum duration is 6). Stacks in your
                  | inventory! For the rakshasa ability, see {rakshasa[2]}.
  7786 | Lair:4   | Noticed a catoblepas
  7794 | Lair:4   | Found a staircase to the Shoals.
  7819 | Lair:4   | Killed a catoblepas
  7847 | Lair:4   | Reached skill level 14 in Maces & Flails
  8243 | Lair:5   | Reached XP level 13. HP: 118/118 MP: 13/15
  8329 | Lair:5   | Reached skill level 15 in Maces & Flails
  8330 | Lair:5   | Found a staircase to the Slime Pits.
  8493 | Lair:5   | Noticed Urug
  8509 | Lair:5   | Killed Urug
  8634 | Lair:6   | Entered Level 6 of the Lair of Beasts
  8654 | Lair:6   | Reached skill level 6 in Fighting
  8735 | Lair:6   | HP: 30/122 [hell rat/exploding inner flame[the player
                  | character] (15)]
  8740 | Lair:6   | HP: 20/122 [poisoned by a black mamba]
  8745 | Lair:6   | HP: 20/123 [poisoned by a black mamba]
  8750 | Lair:6   | HP: 22/123 [poisoned by a black mamba]
  8757 | Lair:6   | HP: 25/123 [poisoned by a black mamba]
  8765 | Lair:6   | HP: 28/123 [poisoned by a black mamba]
  8887 | Lair:6   | Reached skill level 7 in Fighting
  8965 | Lair:6   | Reached skill level 8 in Fighting
  9157 | Lair:6   | Reached skill level 9 in Fighting
  9282 | Lair:6   | Found a blossoming altar of Fedhas.
  9590 | Lair:6   | Reached XP level 14. HP: 116/141 MP: 13/16
  9595 | Lair:6   | Reached skill level 10 in Fighting
  9923 | Slime:1  | Entered Level 1 of the Pits of Slime
  9954 | Slime:1  | Noticed an azure jelly
 10042 | Lair:4   | HP: 34/143 [/a scroll of torment (32)]
 10546 | Orc:1    | Entered Level 1 of the Orcish Mines
 10546 | Orc:1    | Found Yxtis's Jewellery Shoppe.
 10581 | Orc:1    | Reached skill level 16 in Maces & Flails
 10594 | Orc:1    | Reached skill level 1 in Armour
 10890 | Orc:2    | Entered Level 2 of the Orcish Mines
 10898 | Orc:2    | Reached skill level 2 in Armour
 10971 | Orc:2    | Found Xul Leicw's General Store.
 11019 | Orc:2    | Found Kurof's Armour Emporium.
 11038 | Orc:2    | Found Wouff's Book Shop.
 11039 | Orc:2    | Reached skill level 3 in Armour
 11117 | Orc:2    | Reached skill level 4 in Armour
 11154 | Orc:2    | Paralysed by an ogre mage for 7 turns
 11157 | Orc:2    | HP: 34/143 [orc warrior/+0 trident (10)]
 11158 | Orc:2    | HP: 14/143 [cyclops/large rock (5)]
 11163 | Orc:2    | HP: 26/143 [two-headed ogre/+0 giant club (7)]
 11163 | Orc:2    | HP: 5/143 [orc warrior/+0 trident (21)]
 11170 | Orc:2    | HP: 16/143 [ogre mage/+0 spear (5)]
 11317 | Orc:2    | Reached skill level 5 in Armour
 11330 | Orc:2    | Found Zoajob's Magic Scroll Shoppe.
 11331 | Orc:2    | Found Puroyxka's General Store.
 11338 | Orc:2    | Found a gate leading to a gauntlet.
 11346 | Orc:2    | Bought a potion of haste for 150 gold pieces
 11346 | Orc:2    | Bought a wand of acid (2) for 180 gold pieces
 11359 | Orc:2    | Found a staircase to the Elven Halls.
 11372 | Gauntlet | Entered a Gauntlet
 11372 | Gauntlet | Found a transporter.
 11372 | Gauntlet | Found a transporter.
 11374 | Gauntlet | Found a transporter.
 11374 | Gauntlet | Found a transporter.
 11375 | Gauntlet | Found a transporter.
 11377 | Gauntlet | Found a transporter.
 11387 | Gauntlet | Found a transporter.
 11389 | Gauntlet | Found a transporter.
 11390 | Gauntlet | Found a transporter.
 11392 | Gauntlet | Found a transporter.
 11409 | Gauntlet | Found a transporter.
 11409 | Gauntlet | Found a transporter.
 11701 | Gauntlet | Got a scorched lead amulet
 11702 | Gauntlet | Identified the amulet of Fiuracev {Reflect rPois SH+5} (You
                  | found it in a Gauntlet)
 11716 | Gauntlet | Got a fading fustibalus
 11744 | Gauntlet | Identified the Almanac of Bewitchment
 11745 | Gauntlet | Got a wizard robe
 11747 | Gauntlet | Identified the Reference Book on the Glacier and Changing
 11768 | Gauntlet | Identified the +2 robe "Pedeluq" {-Tele MR+++ SInv Stlth-}
                  | (You found it in a Gauntlet)
 11800 | Orc:2    | Identified the +0 fustibalus of Raghef {freeze, *Slow MR+
                  | Int+4 SInv} (You found it in a Gauntlet)
 11956 | Elf:1    | Entered Level 1 of the Elven Halls
 11968 | Elf:1    | Reached XP level 15. HP: 70/149 MP: 13/17
 12033 | Elf:1    | Reached skill level 6 in Armour
 12064 | Elf:1    | Noticed Nikola
 12073 | Elf:1    | Reached skill level 17 in Maces & Flails
 12078 | Elf:1    | HP: 31/149 [Nikola/chain lightning (30)]
 12079 | Elf:1    | Killed from afar by Nikola

Illustrated notes

Levels and vault maps discovered:
D:1:      lemuel_arrival_behind_the_door_small, layout_loops_ring
D:2:      layout_loops_corners, chequers_ecumenical_altar_twisty,
          minmay_splitting_lines
D:3:      layout_basic, fiery_altar_vehumet, uniq_grinder
D:4:      layout_cave_pools, serial_shops, nicolae_shop_crystal
D:5:      layout_cave_pools, minmay_misc_feat_cross, kennysheep_path_1
D:6:      layout_loops_ring, minmay_gold_behind_fungi, minmay_misc_feat_square,
          tgw_xom
D:7:      nicolae_whirlpool, layout_cave_pools, temple_doors_e
D:8:      layout_loops_corners, kennysheep_nondescript, uniq_prince_ribbit1,
          uniq_harold
D:9:      layout_cave_pods, zombieorc2_lemuel, cheibrodos_ashenzari_chains
D:10:     layout_irregular_city, nicolae_barding_shop
D:11:     layout_loops_ring, lair_entry_dummy, enter_bailey_2
Temple:   compressed_dpeg_triangle_lava_temple
Lair:1:   layout_cave_pods, minivault_27, infiniplex_staircase_pool_2
Lair:2:   layout_regular_city, minmay_snake_entry_guardpost_small,
          grunt_megastairs_4
Lair:3:   layout_cave_pods, nicolae_quartered_pool_super, grunt_megastairs_3
Lair:4:   layout_cellular_growth, elwin_shoals_entry_stream, special_room
          [special_room_bee], grunt_megastairs_1
Lair:5:   layout_gridlike, minmay_slime_entry_pillars, fungi_pond_lemuel,
          lemuel_fruit_tree, grunt_megastairs_5, uniq_urug
Lair:6:   hangedman_lair_in_review, layout_cave_shapes, tgw_fedhas
Slime:1:  layout_caves
Orc:1:    layout_caves, serial_shops, shop, minmay_shop_enchanted_jewellery
Orc:2:    st_orc_open, layout_caves, gauntlet_entry_generic, serial_shops,
          nicolae_shop_waterfront
Elf:1:    layout_geoelf_octagon, kennysheep_underground_church,
          hangedman_research_pyrotechnics, uniq_nikola

Skill      XL: |  1  2  3  4  5  6  7  8  9 10 11 12 13 14 15 |
---------------+----------------------------------------------+-----
Maces & Flails | 3 4 6 7 9 11 12 14 15 16 17 | 17.0
Translocations | 2 3 |  3.0
Fighting       | 4 5 9 10 | 10.0
Transmutations | 4 |  4.0
Spellcasting   | 2 |  2.0
Dodging        | 4 9 10 | 10.1
Armour         | 5 6 |  6.0
Stealth        | |  1.0

Action                   |  1- 3 |  4- 6 |  7- 9 | 10-12 | 13-15 || total
-------------------------+-------+-------+-------+-------+-------++-------
Melee: Mace              |   132 |    41 |       |       |       ||   173
       Whip              |       |    49 |   345 |   719 |   714 ||  1827
       Kick              |       |       |       |   210 |   390 ||   600
       Headbutt          |       |       |       |   109 |   233 ||   342
       Giant club        |       |       |       |       |    81 ||    81
Throw: Throwing net      |       |       |     2 |       |       ||     2
 Cast: Apportation       |       |       |     4 |   120 |   131 ||   255
       Beastly Appendage |       |       |       |    68 |    89 ||   157
Invok: Potion Petition   |       |       |       |       |     2 ||     2
Evoke: Wand              |       |       |       |    10 |     6 ||    16
       Phantom mirror    |       |       |       |     1 |       ||     1
  Use: Scroll            |       |    10 |     4 |     7 |    22 ||    43
       Potion            |       |     3 |       |       |     4 ||     7
 Stab: Sleeping          |     1 |     1 |     1 |     4 |     6 ||    13
       Invisible         |       |     2 |       |       |     1 ||     3
       Distracted        |       |       |     1 |     1 |    10 ||    12
       Petrified         |       |       |       |       |     8 ||     8
       Petrifying        |       |       |       |       |     1 ||     1
Armor: Robe              |    62 |    28 |    70 |   112 |   115 ||   387
       Skin              |       |    10 |       |       |       ||    10
Dodge: Dodged            |    91 |    45 |   130 |   403 |   456 ||  1125
Block: Other             |       |       |    55 |   113 |   112 ||   280
       Reflection        |       |       |     5 |     9 |     1 ||    15

Table legend: (Time is in decaauts)
 A = Elapsed time spent in this place.
 B = Non-inter-level travel time spent in this place.
 C = Inter-level travel time spent in this place.
 D = Time resting spent in this place.
 E = Time spent auto-exploring this place.
 F = Levels seen in this place.
 G = Mean time per level.
                   A        B        C        D        E       F      G
               +--------+--------+--------+--------+--------+-----+--------+
         Total |  11269 |  10818 |    451 |      4 |     75 |  24 |  469.5 |
       Dungeon |   5776 |   5428 |    348 |      4 |     75 |  11 |  525.1 |
        Temple |     62 |     62 |      0 |      0 |      0 |   1 |   62.0 |
          Lair |   3860 |   3758 |    102 |      0 |      0 |   6 |  643.3 |
    Slime Pits |     47 |     47 |      0 |      0 |      0 |   1 |   47.0 |
  Orcish Mines |    908 |    908 |      0 |      0 |      0 |   2 |  454.0 |
   Elven Halls |    118 |    118 |      0 |      0 |      0 |   1 |  118.0 |
        Bailey |    120 |    120 |      0 |      0 |      0 |   1 |  120.0 |
      Gauntlet |    375 |    375 |      0 |      0 |      0 |   1 |  375.0 |
               +--------+--------+--------+--------+--------+-----+--------+

Top non-repeatable levels by time:
  Lair:6: 1105 daAuts
  Lair:4: 846 daAuts
     D:9: 675 daAuts
    D:10: 643 daAuts
     D:8: 615 daAuts
   Orc:2: 590 daAuts
     D:2: 580 daAuts
  Lair:2: 553 daAuts
     D:3: 540 daAuts
    D:11: 533 daAuts
     D:7: 513 daAuts
     D:1: 513 daAuts
  Lair:3: 507 daAuts
  Lair:5: 477 daAuts
     D:6: 476 daAuts

Table legend:
 A = Kills in this place as a percentage of kills in entire the game.
 B = Kills by you in this place as a percentage of kills by you in the entire game.
 C = Kills by friends in this place as a percentage of kills by friends in the entire game.
 D = Other kills in this place as a percentage of other kills in the entire game.
 E = Experience gained in this place as a percentage of experience gained in the entire game.
 F = Experience gained in this place divided by the number of levels of this place that you have seen.
                   A       B       C       D       E      F
               +-------+-------+-------+-------+-------+----------------------
         Total | 100.0 | 100.0 | 100.0 | 100.0 | 100.0 | 4524.8
       Dungeon |  39.6 |  39.8 |   0.0 |   0.0 |  13.8 | 1360.8
          Lair |  36.1 |  36.1 | 100.0 |   0.0 |  55.3 | 10013.5
  Orcish Mines |  17.3 |  17.4 |   0.0 |   0.0 |  20.9 | 11345.0
   Elven Halls |   1.6 |   1.3 |   0.0 | 100.0 |   5.5 | 5923.0
        Bailey |   2.5 |   2.5 |   0.0 |   0.0 |   0.4 | 425.0
      Gauntlet |   2.9 |   2.9 |   0.0 |   0.0 |   4.2 | 4507.0
               +-------+-------+-------+-------+-------+----------------------
